Map: 글리터링 애쉬즈 - 래더

Players

cyan

  • Race: Protoss Protoss
  • League: Grandmaster

Bunny - Winner!

  • Race: Terran Terran

Event: DreamHack SC2 Masters Last Chance 2022

VOD

Have the link to the VOD?

Description

Time

  • Played on: Dec. 15, 2021, 6:30 a.m.
  • Length: 16:40

All games in this series

Show
View Real Time Build Order
Export as new Build Order

cyan Protoss 

Build Orders: 1 Gate Expand, Blink Stalkers 

Get SALT Encoding   

  12  0:00  Probe  
  13  0:12  Probe  
  14  0:19  Pylon  
  14  0:24  Probe  
  15  0:37  Probe (Chrono Boost)  
  15  0:38  Gateway  
  16  0:45  Assimilator  
  16  0:46  Probe (Chrono Boost)  
  17  0:52  Probe  
  18  1:04  Probe  
  19  1:16  Probe  
  20  1:21  Nexus  
  20  1:31  Cybernetics Core  
  20  1:34  Probe  
  20  1:39  Assimilator  
  21  1:46  Probe  
  22  1:51  Pylon  
  22  1:58  Probe (Chrono Boost)  
  23  2:07  Adept (Chrono Boost)  
  23  2:08  Warp Gate  
  23  2:11  Probe (Chrono Boost)  
  26  2:16  Probe (Chrono Boost)  
  26  2:20  Twilight Council  
  27  2:26  Probe  
  28  2:30  Stalker (Chrono Boost)  
  28  2:35  Probe  
  31  2:38  Probe  
  31  2:43  Shield Battery  
  31  2:47  Probe  
  32  2:53  Probe  
  32  2:56  Stalker  
  35  3:06  Blink (Chrono Boost), Probe  
  35  3:10  Probe  
  36  3:18  Probe  
  37  3:22  Probe  
  38  3:29  Robotics Facility  
  38  3:32  Probe (Chrono Boost)  
  39  3:35  Probe (Chrono Boost)  
  39  3:36  Pylon  
  40  3:41  Gateway  
  40  3:46  Probe (Chrono Boost)  
  40  3:47  Probe (Chrono Boost)  
  42  3:51  Probe (Chrono Boost)  
  42  3:53  Gateway  
  42  3:54  Probe  
  44  3:58  Stalker  
  44  4:02  Probe  
  47  4:06  Probe  
  47  4:08  Assimilator  
  48  4:10  Pylon  
  48  4:14  Probe  
  49  4:19  Observer (Chrono Boost), Probe  
  49  4:23  Stalker  
  53  4:26  Probe  
  53  4:31  Probe  
  53  4:34  Observer (Chrono Boost)  
  53  4:35  Nexus  
  55  4:38  Probe  
  55  4:39  Pylon  
  55  4:46  Stalker x2  
  59  4:57  Probe  
  59  4:59  Observer, Probe  
  61  5:00  Assimilator  
  61  5:03  Charge  
  61  5:09  Probe  
  61  5:11  Probe  
  61  5:12  Pylon  
  63  5:16  Forge  
  63  5:21  Probe  
  63  5:23  Probe  
  65  5:30  Gateway  
  65  5:33  Robotics Bay, Probe  
  65  5:35  Gateway  
  66  5:38  Gateway  
  66  5:39  Probe, Protoss Ground Weapons Level 1  
  67  5:43  Observer (Chrono Boost)  
  67  5:45  Probe  
  67  5:46  Sentry  
  67  5:48  Probe  
  72  6:00  Probe  
  72  6:02  Immortal (Chrono Boost), Sentry  
  72  6:03  Shield Battery  
  75  6:06  Probe  
  75  6:08  Pylon  
  75  6:09  Probe  
  81  6:16  Stalker, Sentry  
  85  6:21  Probe, Shield Battery  
  86  6:28  Gateway  
  86  6:30  Colossus (Chrono Boost)  
  92  6:35  Stalker  
  92  6:37  Shield Battery  
  92  6:38  Pylon  
  94  6:45  Stalker x2  
  92  6:48  Shield Battery  
  92  6:50  Shield Battery  
  92  6:56  Zealot x2  
  92  6:59  Zealot  
  92  7:00  Zealot  
  82  7:08  Zealot x2  
  82  7:14  Colossus (Chrono Boost)  
  76  7:19  Stalker x2  
  76  7:21  Extended Thermal Lance, Probe x2  
  76  7:22  Assimilator, Probe  
  89  7:26  Assimilator  
  89  7:28  Zealot x3  
  95  7:33  Probe  
  96  7:42  Zealot x3  
  83  7:51  Zealot x3  
  83  7:52  Protoss Ground Armor Level 1 (Chrono Boost), Colossus (Chrono Boost)  
  87  7:59  Zealot  
  91  8:09  Stalker x3  
  91  8:11  Probe x2  
  95  8:25  Probe x2  
  95  8:29  Observer  
  95  8:30  Zealot x2, Sentry  
  95  8:32  Observer  
  95  8:33  Stalker  
  103  8:35  Stalker, Zealot x2  
  103  8:41  Gateway  
  109  8:44  Pylon  
  109  8:45  Pylon  
  109  8:46  Pylon  
  109  8:49  Colossus, Pylon  
  109  8:59  Templar Archives  
  109  9:00  Pylon  
  109  9:02  Probe  
  116  9:03  Pylon  
  116  9:04  Sentry  
  116  9:06  Photon Cannon  
  118  9:10  Zealot x3  
  124  9:18  Stalker x2  
  128  9:26  Zealot  
  129  9:36  Stalker x4  
  129  9:37  Disruptor  
  137  9:44  Photon Cannon  
  139  9:52  Zealot x3  
  129  10:02  Zealot x4  
  123  10:12  Colossus  
  106  10:14  Probe  
  106  10:16  Zealot x2  
  107  10:21  Probe  
  107  10:23  Photon Cannon  
  107  10:27  Protoss Ground Weapons Level 2 (Chrono Boost)  
  107  10:28  Observer  
  102  10:29  Shield Battery  
  102  10:30  Shield Battery  
  102  10:34  Probe  
  101  10:42  High Templar x4  
  108  10:47  Archon x2  
  108  10:52  Nexus  
  108  10:55  Pylon  
  108  11:04  Robotics Facility  
  108  11:05  Pylon  
  108  11:07  Photon Cannon  
  108  11:10  Observer (Chrono Boost), Pylon  
  109  11:12  High Templar x2  
  113  11:18  Archon  
  113  11:23  Shield Battery  
  113  11:27  Disruptor, Shield Battery  
  113  11:28  Sentry  
  113  11:31  Zealot x4  
  126  11:44  Stalker  
  126  11:46  Stalker x2  
  124  12:05  Zealot x5  
  134  12:14  Disruptor x2  
  128  12:23  Probe  
  128  12:25  Stalker x3  
  128  12:26  Stalker  
  114  12:45  Zealot x3  
  114  12:46  Zealot  
  122  12:55  Nexus  
  122  12:56  Pylon  
  122  13:02  High Templar x4  
  130  13:08  Archon x2  
  130  13:12  Protoss Ground Weapons Level 3 (Chrono Boost)  
  129  13:19  Disruptor (Chrono Boost)  
  125  13:20  Nexus  
  125  13:21  Stargate  
  125  13:22  Pylon  
  125  13:26  Observer, Disruptor (Chrono Boost)  
  131  13:35  Probe  
  131  13:36  Probe  
  131  13:42  Stalker x4  
  139  13:51  Zealot x2  
  141  14:00  Stalker  
  141  14:01  Stalker  
  139  14:16  Stalker  
  139  14:17  Stalker x2  
  145  14:18  Zealot  
  145  14:19  Zealot  
  148  14:43  Fleet Beacon  
  146  14:46  Stargate  
  146  14:49  Stargate  
  134  14:59  Zealot x4  
  125  15:17  Zealot x4  
  125  15:20  Nexus  
  133  15:23  Pylon  
  133  15:25  Pylon  
  129  15:33  Carrier x2 (Chrono Boost)  
  129  15:39  Shield Battery  
  139  15:49  Zealot x5  
  135  15:55  Zealot  
  127  16:33  Zealot  
Show
View Real Time Build Order
Export as new Build Order

Bunny Terran - Winner!

Build Orders: Reaper Expand 

Get SALT Encoding   

  12  0:00  SCV  
  13  0:12  SCV  
  14  0:16  Supply Depot  
  14  0:24  SCV  
  15  0:38  SCV  
  15  0:39  Barracks  
  16  0:43  Refinery  
  16  0:50  SCV  
  17  1:02  SCV  
  18  1:14  SCV  
  19  1:26  Reaper, Orbital Command  
  20  1:39  Command Center  
  20  1:46  Supply Depot  
  20  1:51  SCV  
  21  1:58  Marine  
  22  2:07  SCV, Bunker  
  23  2:14  Factory  
  23  2:20  Barracks Reactor  
  23  2:22  SCV  
  24  2:25  Bunker  
  24  2:34  SCV  
  25  2:40  Refinery  
  25  2:46  SCV  
  26  2:54  Orbital Command  
  26  2:58  SCV  
  26  2:59  Marine x2  
  29  3:08  Starport  
  29  3:09  Widow Mine  
  29  3:10  SCV  
  32  3:19  Marine x2  
  33  3:21  SCV  
  33  3:23  SCV  
  36  3:31  Widow Mine  
  38  3:34  SCV  
  38  3:35  SCV  
  38  3:39  Marine  
  38  3:40  Supply Depot  
  41  3:46  Medivac, SCV  
  41  3:47  SCV  
  45  3:54  Widow Mine  
  46  4:00  Barracks  
  46  4:01  SCV x2  
  46  4:02  Barracks  
  48  4:04  Supply Depot  
  48  4:05  Marine x2  
  50  4:13  Engineering Bay  
  50  4:14  SCV x2  
  50  4:16  Refinery  
  52  4:18  Factory Tech Lab, Starport Tech Lab  
  52  4:26  SCV x2  
  52  4:27  Marine  
  52  4:28  Marine  
  55  4:38  SCV x2  
  57  4:39  Supply Depot  
  57  4:46  Terran Infantry Weapons Level 1, Marine  
  57  4:47  Refinery, Marine  
  57  4:49  Starport Reactor  
  57  4:52  SCV x2  
  61  4:56  Stimpack  
  61  4:58  Marauder  
  61  4:59  Factory Reactor  
  59  5:02  Supply Depot  
  59  5:05  Marauder  
  59  5:06  Combat Shield  
  59  5:09  SCV x2  
  59  5:10  Marine  
  59  5:12  Marine  
  63  5:20  Marauder  
  65  5:22  Supply Depot  
  65  5:24  SCV x2  
  65  5:27  Marauder  
  65  5:28  Marine  
  70  5:30  Medivac, Marine  
  70  5:34  Medivac  
  75  5:40  Widow Mine  
  77  5:44  Marauder, Supply Depot, Widow Mine  
  77  5:47  Supply Depot  
  81  5:55  SCV  
  81  5:56  SCV  
  82  6:02  Widow Mine  
  81  6:05  Marauder x2, Widow Mine  
  81  6:06  Marine x2  
  81  6:08  Medivac  
  91  6:11  Medivac  
  91  6:15  SCV x2  
  95  6:24  Widow Mine  
  95  6:26  Supply Depot  
  95  6:27  Marauder x2, Widow Mine  
  95  6:30  Marine  
  95  6:31  Concussive Shells  
  102  6:37  Supply Depot  
  102  6:42  Marine  
  100  6:48  Marine  
  100  6:49  Marauder x2  
  100  6:53  SCV  
  100  6:54  SCV  
  105  7:00  Marine  
  99  7:04  Medivac x2  
  99  7:06  Marine  
  94  7:09  Widow Mine x2  
  94  7:10  Marauder x2  
  100  7:18  Marine  
  101  7:27  Command Center, Marine  
  101  7:28  Barracks  
  101  7:29  Barracks  
  102  7:31  Marauder  
  102  7:32  Marauder  
  102  7:36  Marine  
  94  7:51  Marine  
  94  7:53  Marauder x2  
  94  7:54  Marine  
  94  7:56  Widow Mine x2  
  102  7:58  Medivac x2  
  102  8:01  Terran Infantry Armor Level 1  
  102  8:02  Supply Depot  
  102  8:03  Armory  
  101  8:10  Marine  
  101  8:11  SCV x2, Marine  
  99  8:14  Marauder x2  
  99  8:18  Barracks Reactor  
  99  8:19  Barracks Tech Lab  
  95  8:27  Marine  
  95  8:28  Viking x2  
  95  8:29  Marine  
  95  8:32  Widow Mine x2  
  95  8:33  SCV  
  106  8:35  Marauder  
  106  8:36  Marauder  
  106  8:38  Marauder  
  106  8:40  Orbital Command  
  112  8:55  Marine x4  
  114  8:57  Marauder x2  
  114  9:00  Marauder, SCV x2  
  124  9:04  Viking  
  124  9:08  Viking  
  128  9:13  Widow Mine x2  
  128  9:14  Marine x4  
  136  9:18  Ghost Academy  
  136  9:22  Supply Depot  
  136  9:26  Marauder x2  
  140  9:35  Marine  
  141  9:43  Widow Mine x2, Viking, Marine x2  
  149  9:53  Viking, Marine  
  149  9:55  Marauder  
  149  9:57  Marauder x2  
  138  10:06  Marine x2  
  138  10:07  Marine  
  114  10:11  Marine  
  94  10:15  Widow Mine x2  
  94  10:16  Marauder  
  94  10:17  Marine  
  94  10:18  Marine  
  93  10:26  Marine x3  
  91  10:28  Viking x2, Marine  
  91  10:35  SCV  
  97  10:36  Marauder x2, Widow Mine x2  
  97  10:37  SCV x2  
  97  10:38  Marauder  
  109  10:56  Ghost  
  109  10:57  Marine x3, Ghost  
  109  10:58  Ghost  
  109  10:59  Marine  
  109  11:01  SCV x2  
  109  11:04  SCV  
  122  11:10  Viking  
  124  11:13  Viking  
  124  11:15  Marine x2  
  124  11:16  Marine  
  124  11:17  Marine  
  130  11:19  SCV x3  
  133  11:28  Ghost x2  
  137  11:33  Ghost  
  137  11:36  Supply Depot  
  137  11:45  Marine x4  
  137  11:46  Viking x2  
  145  11:50  Widow Mine  
  145  11:51  Widow Mine  
  141  12:01  Marauder  
  141  12:02  Marauder x2  
  141  12:08  Marine x4  
  145  12:23  Marauder x2  
  145  12:24  Marauder  
  145  12:25  Marine  
  145  12:26  Marine x3  
  128  12:49  Marauder x3  
  128  12:50  Marine x4  
  135  13:10  Marauder  
  135  13:11  Marauder x2  
  141  13:14  Liberator x2  
  147  13:26  Terran Infantry Weapons Level 2  
  147  13:28  Marine x4  
  147  13:31  Refinery x2  
  151  13:36  Marauder x2  
  151  13:38  Marauder  
  155  13:44  Enhanced Shockwaves  
  155  13:45  Marine  
  155  13:46  Marine  
  157  13:59  Command Center  
  157  14:09  Liberator x2, Ghost  
  147  14:17  Ghost  
  147  14:18  Ghost  
  151  14:26  Marine x4  
  155  14:39  Ghost  
  153  14:45  Marine, Ghost  
  153  14:46  Marine  
  153  14:48  SCV  
  155  14:58  Ghost  
  151  15:10  Medivac x2  
  150  15:15  Planetary Fortress  
  150  15:22  Widow Mine x2  
  154  15:33  Marauder  
  156  15:36  Marine x3  
  156  15:45  Marauder  
  156  15:47  Marine x2  
  151  15:53  Marine  
  149  15:58  Medivac  
  149  15:59  Medivac, SCV x2  
  153  16:09  Marauder x2  
  154  16:17  Marine  
  154  16:18  Marine x3  

Tags
 
Add a new tag
Caveats
  • Supply blocks, unpowered buildings, or Contaminate may cause inaccurate times.
  • Supply counts are checked every 10 seconds.